 Dungeon Crawl Stone Soup version 0.26.1-11-gd32895ea62 (webtiles) character file.

Game seed: 14539095172148921642

31952 ubername the Cruncher (level 13, -1/108 HPs)
             Began as a Minotaur Monk on June 12, 2021.
             Was a High Priest of Makhleb.
             Killed from afar by an ice dragon (6 damage)
             ... with a blast of cold
             ... in an ice cave.
             The game lasted 00:51:25 (17416 turns).

ubername the Cruncher (Minotaur Monk)              Turns: 17416, Time: 00:51:25

Health: -1/108     AC: 20    Str: 19    XL:     13   Next: 28%
Magic:  17/17      EV: 19    Int:  9    God:    Makhleb [*****.]
Gold:   1330       SH:  0    Dex: 25    Spells: 12/12 levels left

rFire    + . .     SeeInvis .   a - +5 quarterstaff "Killer Klown's Curse" {venom, rElec rPois Int+2 Dex+4}
rCold    + + .     Faith    .   (shield currently unavailable)
rNeg     . . .     Spirit   .   k - +3 scale mail
rPois    +         Reflect  .   o - +0 hat
rElec    +         Harm     .   d - +0 cloak
rCorr    +         Rampage  .   G - +0 pair of gloves
Will     .....                  g - +0 pair of boots
Stlth    ++........             D - amulet of magic regeneration
HPRegen  0.28/turn              I - +4 ring of protection
MPRegen  0.40/turn              u - +6 ring of dexterity

@: mighty, resistant
A: retaliatory headbutt, horns 2, cold resistance 1, mutation resistance 1
a: Renounce Religion, Minor Destruction, Lesser Servant of Makhleb, Major
Destruction, Greater Servant of Makhleb


You were in an ice cave.
You worshipped Makhleb.
Makhleb was extremely pleased with you.
You visited 1 branch of the dungeon, and saw 15 of its levels.
You also visited: Ice Cave.

You collected 1330 gold pieces.

Inventory:

Hand Weapons
 a - the +5 quarterstaff "Killer Klown's Curse" (weapon) {venom, rElec rPois Int+2 Dex+4}
   (You found it on level 10 of the Dungeon)

   It poisons the flesh of those it strikes.
   It affects your intelligence (+2).
   It affects your dexterity (+4).
   It insulates you from electricity.
   It protects you from poison.
 b - the +9 hunting sling of Anguish {venom, rC+ Int+7 Dex+3}
   (You found it on level 4 of the Dungeon)

   It poisons the ammo it fires.
   It affects your intelligence (+7).
   It affects your dexterity (+3).
   It protects you from cold.
 n - a +2 double sword of flaming
 C - a +3 flail of draining
Missiles
 l - 31 poisoned darts (quivered)
 q - 8 datura-tipped darts
 x - 53 sling bullets
 N - 5 atropa-tipped darts
Armour
 d - a +0 cloak (worn)
 g - a +0 pair of boots (worn)
 k - a +3 scale mail (worn)
 o - a +0 hat (worn)
 s - a +0 plate armour
 G - a +0 pair of gloves (worn)
 J - a +0 tower shield
Jewellery
 c - an uncursed ring of stealth
 t - an uncursed ring of positive energy
 u - a +6 ring of dexterity (right hand)
 A - a cursed -4 ring of strength {unknown}
 D - an amulet of magic regeneration (around neck)
 F - a +4 ring of evasion
 I - a +4 ring of protection (left hand)
Wands
 v - a wand of random effects (14)
 y - a wand of flame (39)
 K - a wand of polymorph (5)
 M - a wand of digging (7)
 P - a wand of paralysis (11)
 R - a wand of iceblast (11)
Scrolls
 f - 13 scrolls of remove curse
 i - 11 scrolls of identify
 j - 2 scrolls of immolation
 p - a scroll of enchant weapon
 z - 2 scrolls of blinking
 B - 4 scrolls of noise
 E - 3 scrolls of amnesia
 H - a scroll of magic mapping
Potions
 e - 7 potions of curing
 m - 2 potions of invisibility
 r - 4 potions of might
 w - 2 potions of flight
 L - a potion of ambrosia
 Q - 2 potions of brilliance


   Skills:
 + Level 8.5 Fighting
 - Level 8.9(11.9) Maces & Flails
 * Level 12.6(13.6) Staves
 + Level 6.5(6.9) Slings
 + Level 2.8(4.7) Throwing
 * Level 10.9 Armour
 * Level 10.1 Dodging
 + Level 4.6 Stealth
 + Level 4.0 Shields
 * Level 7.7 Invocations
 * Level 4.4 Evocations


You had 12 spell levels left.
You didn't know any spells.
Your spell library contained the following spells:

 Spells                   Type           Power        Failure   Level
 Animate Skeleton         Necr           0%           69%         1
 Apportation              Tloc           0%           69%         1
 Corona                   Hex            0%           69%         1
 Magic Dart               Conj           0%           69%         1
 Summon Small Mammal      Summ           0%           69%         1
 Searing Ray              Conj           0%           83%         2
 Dazzling Flash           Conj/Hex       0%           96%         3
 Lesser Beckoning         Tloc           0%           96%         3
 Tukima's Dance           Hex            0%           96%         3
 Fulminant Prism          Conj/Hex       0%           100%        4
 Iskenderun's Mystic Bla  Conj/Tloc      0%           100%        4
 Alistair's Intoxication  Tmut/Pois      0%           100%        5
 Invisibility             Hex            0%           100%        6


Dungeon Overview and Level Annotations

Branches:
Dungeon (15/15)            Temple (0/1) D:6            Lair (0/6) D:9
    Orc (0/2) D:11         Vaults (0/5) D:14          IceCv (1/1)
 Depths: D:15

Altars:
Ashenzari
Dithmenos
Makhleb
Ru
Sif Muna
Xom
Zin

Annotations:
D:14 Nessos, Roxanne


Innate Abilities, Weirdness & Mutations

You reflexively headbutt those who attack you in melee.
You have a pair of horns on your head.
Your flesh is cold resistant. (rC+)
You are somewhat resistant to further mutation.


Message History

The ice dragon bites your ynoxinul. The ice dragon claws your ynoxinul.
The ice dragon tramples your ynoxinul!
Your ynoxinul holds its ground!
An ice dragon is nearby!
What are your orders? t - Shout!
Orders for allies: a - Attack new target. r - Retreat! s - Stop attacking. g - Guard the area. f - Follow me.
Anything else - Cancel.
Gang up on whom?
Press: ? - help, Dir - move target, f - ice dragon
Aim: an ice dragon Attack!
Your ynoxinul barely misses the ice dragon.
The ice dragon bites your ynoxinul! The ice dragon claws your ynoxinul!
Your ynoxinul dies!
Your ufetubus disappears in a puff of smoke!
The ice dragon breathes frost at you. The blast of cold hits you. You resist.
You die...

#...........###
##.. ##........###
#..# ###....###
##.. ###..## ###
##..### #
##...######
###......##
####....## ≈
####@.## ###
#######
##..###.####$$$$$$
##.#.†D.# $$$$$..
#..D##.# $$$...
#####..### $....
#...##4###....
##...D5.#.....
####53D5..###
########


You could see an ice dragon (catching breath).

Vanquished Creatures
  Jorgrun (D:13)
  An ice dragon (IceCv)
  4 two-headed ogres
  3 centaur warriors
  A tengu warrior (D:14)
  Urug (D:14)
  2 unseen horrors
  An orc knight (D:15)
  3 ugly things
  A manticore (D:15)
  A deep elf mage (D:13)
  3 cyclopes
  A centaur zombie (D:13)
  2 ice statues (IceCv)
  A gargoyle (D:11)
  2 kobold demonologists (D:14)
  A yaktaur (D:15)
  2 rime drakes (IceCv)
  A komodo dragon (D:13)
  2 polar bears (D:9)
  2 hornets
  4 trolls
  2 slime creatures (D:13)
  A vampire (D:14)
  4 wraiths
  15 yaks
  11 humans
  4 vampire mosquitoes (D:13)
  3 wargs (D:11)
  4 water moccasins
  14 ice beasts (IceCv)
  A sky beast (shapeshifter) (D:13)
  2 eyes of draining
  7 sky beasts
  4 phantoms
  5 black bears
  4 orc warriors
  2 necrophages
  An ogre (D:10)
  A wolf (D:9)
  13 centaurs
  10 bullfrogs
  A big kobold (D:13)
  A gnoll sergeant (D:9)
  2 scorpions (D:5)
  2 wyvern skeletons
  4 killer bees
  A wight (D:14)
  A howler monkey (D:5)
  3 bullfrog zombies
  5 jellies
  3 orc priests
  7 hounds
  4 iguanas
  A bullfrog skeleton (D:12)
  3 centaur skeletons
  A gnoll shaman (D:7)
  8 orc wizards
  12 worker ants
  A killer bee zombie (D:8)
  2 hound zombies
  A hound skeleton (D:11)
  9 gnolls
  16 adders
  3 white imps (D:9)
  A worker ant simulacrum (D:9)
  2 oozes
  An adder zombie (D:8)
  2 worms (D:2)
  4 dart slugs
  2 leopard geckos
  39 orcs
  7 giant cockroaches
  2 goblins
  3 hobgoblins
  2 jackals (D:2)
  3 quokkas
  6 bats
  9 frilled lizards
  A jackal skeleton (D:7)
  5 kobolds
  5 rats
333 creatures vanquished.

Vanquished Creatures (collateral kills)
  A death knight (D:15)
  An ugly thing (D:12)
  A troll (D:9)
  3 humans (D:13)
  A soldier ant (D:15)
  An ice beast (D:14)
  A centaur (D:11)
  A hound (D:8)
  A hound skeleton (D:9)
  A white imp (D:8)
  An adder zombie (D:8)
  An orc (D:15)
14 creatures vanquished.

Vanquished Creatures (others)
  An ogre (D:8)
  A boggart (D:14)
  A jelly (D:8)
  An orc wizard (D:11)
  A shadow imp (D:8)
  An orc (D:8)
  A quokka (D:8)
  A quokka skeleton (D:8)
  34 fungi (D:9)
  41 plants
  4 toadstools (D:1)
87 creatures vanquished.

Grand Total: 434 creatures vanquished

Notes
Turn   | Place    | Note
-------+----------+-------------------------------------------
     0 | D:1      | ubername the Minotaur Monk began the quest for the Orb.
     0 | D:1      | Reached XP level 1. HP: 19/19 MP: 0/0
   358 | D:1      | Reached XP level 2. HP: 27/27 MP: 1/1
  1228 | D:2      | Reached XP level 3. HP: 33/33 MP: 2/2
  1532 | D:2      | Reached skill level 1 in Armour
  1540 | D:2      | Reached XP level 4. HP: 36/40 MP: 3/3
  1541 | D:2      | Found a shadowy altar of Dithmenos.
  2456 | D:3      | Found a burning altar of Makhleb.
  2461 | D:3      | Noticed a green death
  2464 | D:3      | Found a glowing silver altar of Zin.
  2464 | D:3      | Noticed an angel
  2480 | D:3      | Became a worshipper of Makhleb the Destroyer
  2480 | D:3      | Reached * piety under Makhleb
  2480 | D:3      | Reached ** piety under Makhleb
  3356 | D:4      | Reached skill level 1 in Throwing
  3356 | D:4      | Reached XP level 5. HP: 26/46 MP: 4/4
  3506 | D:4      | Reached skill level 5 in Maces & Flails
  3792 | D:4      | Got an ancient hunting sling
  4142 | D:4      | Reached XP level 6. HP: 52/52 MP: 5/5
  4319 | D:4      | Reached skill level 1 in Invocations
  4579 | D:5      | Entered Level 5 of the Dungeon
  4583 | D:4      | Gained mutation: You are somewhat resistant to further
                  | mutation. [potion of mutation]
  4583 | D:4      | Gained mutation: Your flesh is cold resistant. (rC+)
                  | [potion of mutation]
  4605 | D:4      | Identified the +9 hunting sling of Anguish {venom, rC+
                  | Int+7 Dex+3} (You found it on level 4 of the Dungeon)
  4982 | D:5      | Reached XP level 7. HP: 60/60 MP: 7/7
  5474 | D:5      | Reached skill level 5 in Dodging
  6242 | D:6      | Reached skill level 1 in Slings
  6794 | D:6      | Reached *** piety under Makhleb
  6795 | D:6      | Reached XP level 8. HP: 56/67 MP: 8/8
  6853 | D:6      | Noticed a green ugly thing
  6934 | D:6      | Killed a green ugly thing
  6935 | D:6      | Reached skill level 5 in Fighting
  6935 | D:6      | Reached skill level 5 in Armour
  7082 | D:6      | Found a staircase to the Ecumenical Temple.
  7562 | D:7      | Noticed a white ugly thing
  7571 | D:7      | Killed a white ugly thing
  7572 | D:7      | Reached XP level 9. HP: 71/74 MP: 10/10
  7839 | D:7      | Reached skill level 1 in Shields
  8454 | D:8      | Found a shimmering altar of Xom.
  9046 | D:9      | Noticed a troll
  9178 | D:9      | Found a shimmering blue altar of Sif Muna.
  9324 | D:9      | Killed a troll
  9457 | D:9      | Found a broken altar of Ashenzari.
  9457 | D:9      | Found a shimmering altar of Xom.
  9457 | D:9      | Found a sacrificial altar of Ru.
  9640 | D:9      | Found a staircase to the Lair.
  9705 | D:9      | Noticed a polar bear
  9724 | D:9      | Killed a polar bear
  9725 | D:9      | Reached XP level 10. HP: 83/83 MP: 12/12
  9750 | D:9      | Reached **** piety under Makhleb
 10072 | D:9      | Reached skill level 5 in Invocations
 10120 | D:10     | Entered Level 10 of the Dungeon
 10723 | D:10     | Got a brightly glowing quarterstaff
 10743 | D:10     | Identified the +5 quarterstaff "Killer Klown's Curse"
                  | {venom, rElec rPois Int+2 Dex+4} (You found it on level 10
                  | of the Dungeon)
 10853 | D:10     | Reached skill level 1 in Staves
 11243 | D:11     | Reached skill level 5 in Slings
 11248 | D:11     | Reached skill level 2 in Staves
 11252 | D:11     | Reached skill level 3 in Staves
 11436 | D:11     | Noticed a cyclops
 11478 | D:11     | Killed a cyclops
 11479 | D:11     | Reached skill level 4 in Staves
 11498 | D:11     | Reached skill level 5 in Staves
 11590 | D:11     | Paralysed by a centaur for 2 turns
 11701 | D:11     | Reached XP level 11. HP: 91/91 MP: 14/14
 11763 | D:11     | Found a staircase to the Orcish Mines.
 11781 | D:11     | Killed an unseen horror
 11782 | D:11     | Reached skill level 6 in Staves
 12283 | D:12     | Noticed a brown ugly thing
 12300 | D:12     | Killed a brown ugly thing
 13094 | D:12     | Noticed a two-headed ogre
 13112 | D:12     | Killed a two-headed ogre
 13113 | D:12     | Reached skill level 7 in Staves
 13419 | D:12     | Reached skill level 1 in Evocations
 13421 | D:12     | Noticed a two-headed ogre
 13430 | D:12     | Killed a two-headed ogre
 13788 | D:13     | Noticed a deep elf mage
 13794 | D:13     | Killed a deep elf mage
 13795 | D:13     | Reached skill level 8 in Staves
 13976 | D:13     | Noticed a white ugly thing
 13989 | D:13     | Killed a white ugly thing
 13989 | D:13     | Reached ***** piety under Makhleb
 14042 | D:13     | Noticed Jorgrun
 14060 | D:13     | Killed Jorgrun
 14061 | D:13     | Reached skill level 9 in Staves
 14061 | D:13     | Reached skill level 10 in Armour
 14061 | D:13     | Reached XP level 12. HP: 74/100 MP: 14/16
 14136 | D:13     | Noticed a centaur warrior
 14145 | D:13     | Killed a centaur warrior
 14414 | D:13     | Noticed a centaur warrior
 14424 | D:13     | Killed a centaur warrior
 14425 | D:13     | Reached skill level 10 in Staves
 14829 | D:14     | Found a gate to the Vaults.
 14829 | D:14     | Noticed Urug
 14829 | D:14     | Noticed a two-headed ogre
 14829 | D:14     | Noticed Nessos
 15243 | D:14     | Noticed a centaur warrior
 15254 | D:14     | Noticed a tengu warrior
 15257 | D:14     | Killed a centaur warrior
 15258 | D:14     | Reached skill level 11 in Staves
 15273 | D:14     | Killed a tengu warrior
 15363 | D:14     | Noticed Roxanne
 15363 | D:14     | Noticed a two-headed ogre
 15384 | D:14     | Killed a two-headed ogre
 16193 | D:14     | Killed Urug
 16375 | D:14     | Noticed a two-headed ogre
 16382 | D:14     | Killed a two-headed ogre
 16383 | D:14     | Reached skill level 12 in Staves
 16383 | D:14     | Reached XP level 13. HP: 86/107 MP: 17/17
 16558 | D:15     | Entered Level 15 of the Dungeon
 17109 | D:15     | Found a frozen archway.
 17119 | IceCv    | Entered an ice cave
 17156 | IceCv    | Reached skill level 10 in Dodging
 17408 | IceCv    | HP: 3/108 [ice dragon/blast of cold (12)]
 17416 | IceCv    | Killed from afar by an ice dragon

Illustrated notes

Levels and vault maps discovered:
D:1:      ldierk_walled_garden_2, layout_basic, minmay_misc_feat_pillars
D:2:      layout_basic, nicolae_dithmenos_through_a_glass_darkly
D:3:      layout_loops_corners, grunt_temple_overflow_order_and_chaos_2
D:4:      layout_layer_cave
D:5:      layout_layer_cave
D:6:      minmay_chambers_of_fours, layout_layer_cave,
          minmay_temple_entry_junction
D:7:      layout_gridville
D:8:      layout_loops_cross, nrook_campfire, xom_confusion_cloud
D:9:      layout_irregular_city, gammafunk_temple_overflow_claw,
          due_lair_maze_entry_diamond, serial_ice, serial_ice_a, serial_ice_n,
          serial_ice_g, serial_ice_f, led_sif_pool
D:10:     layout_roguey
D:11:     layout_basic, minmay_orc_entry_guard_dogs,
          minmay_misc_feat_nine_boxes, minivault_23
D:12:     layout_grid_maze, serial_bayou_pond_a
D:13:     layout_loops_corners, uniq_jorgrun
D:14:     layout_roguey, david_vaults_3, grunt_ogre_cave, uniq_roxanne
D:15:     hangedman_depths_entry_try_elsewhere_first, layout_loops_ring,
          minmay_splitting_lines, portal_ice_cave_entry_pillars_1,
          corexii_corridor_pit
IceCv:    ice_cave_small_dragons

Skill      XL: |  1  2  3  4  5  6  7  8  9 10 11 12 13 |
---------------+----------------------------------------+-----
Maces & Flails | 4 5 6 7 8 |  8.9
Fighting       | 4 5 6 7 8 |  8.5
Dodging        | 4 5 6 7 8 9 10 | 10.1
Armour         | 1 2 3 4 5 7 8 10 | 10.9
Stealth        | 2 3 4 |  4.6
Throwing       | 1 2 |  2.8
Invocations    | 1 2 3 4 5 6 7 |  7.7
Slings         | 2 3 4 5 6 |  6.5
Shields        | 3 4 |  4.0
Staves         | 5 9 12 | 12.6
Evocations     | 2 4 |  4.4

Action                   |  1- 3 |  4- 6 |  7- 9 | 10-12 | 13-15 || total
-------------------------+-------+-------+-------+-------+-------++-------
Melee: Mace              |    61 |    80 |    14 |       |       ||   155
       Headbutt          |     8 |    18 |    45 |   161 |    41 ||   273
       Flail             |       |       |   168 |    58 |       ||   226
       Quarterstaff      |       |       |       |   445 |   132 ||   577
       Unarmed           |       |       |       |     4 |       ||     4
 Fire: Hunting sling     |       |    12 |    58 |   102 |       ||   172
Throw: Dart              |     1 |    23 |       |    20 |     4 ||    48
Invok: Minor Destruction |       |     1 |     1 |       |       ||     2
       Lesser Servant of |       |       |     3 |     8 |     8 ||    19
       Major Destruction |       |       |       |     4 |     1 ||     5
  Use: Scroll            |       |     7 |     4 |     9 |     1 ||    21
       Potion            |       |     6 |     5 |     3 |     6 ||    20
 Stab: Sleeping          |     2 |     5 |     5 |     3 |     2 ||    17
       Distracted        |       |       |     1 |     1 |       ||     2
Armor: Robe              |     6 |       |       |       |       ||     6
       Leather armour    |    14 |    23 |       |       |       ||    37
       Ring mail         |       |     6 |     7 |       |       ||    13
       Scale mail        |       |       |    63 |   217 |    28 ||   308
       Skin              |       |       |       |    13 |       ||    13
Dodge: Dodged            |    49 |    77 |   133 |   405 |    98 ||   762
Block: Kite shield       |       |       |    80 |    29 |       ||   109
       Tower shield      |       |       |       |     2 |       ||     2
